 Dungeon Crawl Stone Soup version 0.22.1-2-g9c5b331383 (webtiles) character file.

396 shynie the Conjurer (level 7, -6/72 HPs)
             Began as a Human Conjurer on Dec 29, 2018.
             Was a Follower of Sif Muna.
             Killed by an exploding fulminant prism (9 damage)
             ... created by the player character
             ... on level 4 of the Dungeon.
             The game lasted 00:21:09 (5454 turns).

shynie the Conjurer (Human Conjurer)                Turns: 5454, Time: 00:21:10

Health: -6/72      AC: 23    Str:  8    XL:     7   Next: 9%
Magic:  3/12       EV:  2    Int: 17    God:    Sif Muna [*.....]
Gold:   286        SH:  0    Dex: 14    Spells: 2/13 levels left

rFire    . . .     SeeInvis .   e - +3 dagger (speed)
rCold    . . .     Gourm    .   (no shield)
rNeg     + + +     Faith    .   (armour currently unavailable)
rPois    +         Spirit   .   (helmet currently unavailable)
rElec    .         Reflect  .   (cloak currently unavailable)
rCorr    .         Harm     .   (gloves currently unavailable)
MR       .....     NoTele   +   (boots currently unavailable)
Stlth    ++........             k - amulet of magic regeneration
HPRegen  0.22/turn              (no ring)
MPRegen  0.38/turn              (no ring)

@: lethally poisoned (-6 -> -7), tree-form, very slightly contaminated, divine
energy
A: no striking features
a: Stop Divine Energy, Renounce Religion


You were on level 4 of the Dungeon.
You worshipped Sif Muna.
Sif Muna was aware of your devotion.
You were not hungry.
You were a tree.
You visited 1 branch of the dungeon, and saw 4 of its levels.

You collected 286 gold pieces.

Inventory:

Hand Weapons
 e - a +3 dagger of speed (weapon)
Missiles
 d - 8 javelins (quivered)
Armour
 a - a +0 robe
 j - a +0 robe (melded)
Jewellery
 k - an amulet of magic regeneration (around neck)
Scrolls
 f - 4 scrolls of remove curse
 i - 3 scrolls of identify
 n - 2 scrolls of enchant weapon
Potions
 b - 2 potions of flight
 g - a potion of cancellation
 m - a potion of brilliance {unknown}
Comestibles
 c - a ration


   Skills:
 + Level 1.5 Fighting
 + Level 2.2 Short Blades
 + Level 2.8 Dodging
 + Level 2.6 Stealth
 + Level 3.6 Spellcasting
 + Level 5.7 Conjurations


You had 2 spell levels left.
You knew the following spells:

 Your Spells              Type           Power        Failure   Level  Hunger
a - Magic Dart            Conj           ###.         1%          1    None
b - Searing Ray           Conj           ###...       2%          2    ##.....
c - Iskenderun's Mystic   Conj           ###.....     16%         4    ####...
d - Fulminant Prism       Conj/Hex       ##........   45%         4    ####...

Your spell library contained the following spells:

 Spells                   Type           Power        Failure   Level  Hunger
 Dazzling Spray           Conj/Hex       ##....       16%         3    ###....
 Force Lance              Conj/Tloc      ##......     45%         4    ####...


Dungeon Overview and Level Annotations

Branches:
Dungeon (4/15)
 Temple: D:4-7

Altars:
Elyvilon
Ru
Sif Muna
Wu Jian
Zin
The Shining One


Message History

The orc wizard is severely wounded.
The orc wizard casts a spell at you. The magic dart hits you!
Your fulminant prism crackles loudly.
The orc wizard hits you but does no damage.
You are poisoned.
You cannot move.
Unknown command.
You cannot move.
You cannot move.
You cannot move.
You closely miss the orc wizard.
The orc wizard is severely wounded.
You feel sick.
The orc wizard hits you but does no damage.
You hit the orc wizard but do no damage.
The orc wizard is severely wounded.
Your fulminant prism explodes!
The blast of energy engulfs you!
You die...

#.# #........####............ #.#
##..........#..#.......... #.##
##......#......##..#..#...# ..
##....o..#..#..##..###..#... ...
##........#..#...[>## ##..##.
#...#........##....###.## ##..##
##...........##)..## ##.# ##...
..#........[o.## #.## ###...
##.#.......###♣o# ##.###...##
##..#....#.## #..# #......##.
##......##..#####.### ##........
...#...##.......#...#####...#....
..........###.............####..#
..........# ###..........## #..#
........#..# #..#.......## #..#
........##.# #..####...#..# #..#
........##..##.# #..###.####...


You could see 2 orc wizards.

Vanquished Creatures
  A phantom (D:4)
  An ogre (D:4)
  A hound (D:4)
  An iguana (D:4)
  An orc wizard (D:4)
  A worker ant (D:4)
  2 adders
  2 oozes
  4 worms
  A dart slug (D:3)
  3 leopard geckos (D:1)
  4 orcs
  3 giant cockroaches
  8 goblins
  11 hobgoblins
  4 jackals
  2 quokkas
  A ball python (D:1)
  7 bats
  5 frilled lizards
  6 kobolds
  8 rats
77 creatures vanquished.

Notes
Turn   | Place    | Note
-------+----------+-------------------------------------------
     0 | D:1      | shynie the Human Conjurer began the quest for the Orb.
     0 | D:1      | Reached XP level 1. HP: 13/13 MP: 3/3
   241 | D:1      | Reached XP level 2. HP: 18/19 MP: 1/5
  1105 | D:1      | Reached XP level 3. HP: 24/24 MP: 2/6
  1109 | D:1      | Learned a level 2 spell: Searing Ray
  2099 | D:2      | Reached XP level 4. HP: 30/30 MP: 2/7
  2488 | D:2      | Found a deep blue altar of Sif Muna.
  2488 | D:2      | Found a sacrificial altar of Ru.
  2492 | D:2      | Became a worshipper of Ru the Awakened
  2497 | D:2      | Fell from the grace of Ru
  2497 | D:2      | Became a worshipper of Sif Muna the Loreminder
  2698 | D:2      | Reached skill level 5 in Conjurations
  3169 | D:3      | Learned a level 4 spell: Iskenderun's Mystic Blast
  3533 | D:3      | Reached XP level 5. HP: 35/36 MP: 3/8
  3778 | D:3      | Found a white marble altar of Elyvilon.
  3780 | D:3      | Found a glowing silver altar of Zin.
  3782 | D:3      | Found a glowing golden altar of the Shining One.
  4305 | D:3      | Found an ornate altar of the Wu Jian Council.
  4377 | D:3      | Reached skill level 1 in Short Blades
  4538 | D:4      | Noticed a phantom
  4568 | D:4      | Noticed an ogre
  4570 | D:4      | Reached * piety under Sif Muna
  4591 | D:4      | Killed an ogre
  4591 | D:4      | Reached skill level 1 in Fighting
  4591 | D:4      | Reached XP level 6. HP: 6/43 MP: 0/10
  4593 | D:4      | Killed a phantom
  5146 | D:4      | Reached XP level 7. HP: 48/48 MP: 2/12
  5176 | D:4      | Learned a level 4 spell: Fulminant Prism
  5435 | D:4      | HP: 2/48 [orc wizard/puff of frost (8)]
  5441 | D:4      | HP: 2/48 [orc wizard/puff of flame (10)]
  5453 | D:4      | HP: 3/72 [poisoned by an orc wizard]
  5454 | D:4      | Killed by an exploding fulminant prism

Skill      XL: |  1  2  3  4  5  6 |
---------------+-------------------+-----
Conjurations   | 5 |  5.7
Short Blades   | 1 2 |  2.2
Fighting       | 1 |  1.5
Spellcasting   | 3 |  3.6
Dodging        | |  2.8
Stealth        | |  2.6

Action                   |  1- 3 |  4- 6 |  7- 9 || total
-------------------------+-------+-------+-------++-------
Melee: Unarmed           |     2 |       |       ||     2
       Dagger            |    25 |    78 |    10 ||   113
Throw: Javelin           |     1 |       |       ||     1
 Cast: Magic Dart        |    30 |       |       ||    30
       Searing Ray       |    11 |    23 |       ||    34
       Iskenderun's Myst |       |    23 |     2 ||    25
       Fulminant Prism   |       |       |     1 ||     1
Invok: Divine Energy     |       |     1 |       ||     1
  Use: Scroll            |     3 |     3 |       ||     6
       Potion            |     1 |     1 |     2 ||     4
  Eat: Ration            |     1 |     3 |     1 ||     5
       Chunk             |     1 |     6 |       ||     7
Armor: Robe              |    16 |     7 |     1 ||    24
       Skin              |       |       |    12 ||    12
Dodge: Dodged            |    22 |    53 |     4 ||    79
